 Dungeon Crawl Stone Soup version 0.28.0-47-ge53b351184 (webtiles) character file.

Game seed: 14121732667274428874

2653 Peloso the Carver (level 9, -2/79 HPs)
             Began as a Minotaur Fighter on May 5, 2022.
             Was a Believer of Okawaru.
             Slain by a hornet (13 damage)
             ... on level 7 of the Dungeon.
             The game lasted 00:16:35 (7310 turns).

Peloso the Carver (Minotaur Fighter)                Turns: 7310, Time: 00:16:35

Health: -2/79      AC: 12    Str: 23    XL:     9   Next: 36%
Magic:  7/8        EV: 13    Int:  5    God:    Okawaru [**....]
Gold:   1012       SH:  6    Dex: 12    Spells: 8/8 levels left

rFire   . . .      SeeInvis .   a - +0 double sword (holy)
rCold   . . .      Faith    .   c - +0 buckler
rNeg    . . .      Spirit   .   r - +0 scale mail
rPois   .          Reflect  .   (helmet restricted)
rElec   .          Harm     .   (no cloak)
rCorr   .          Rampage  .   q - +1 pair of gloves
Will    +....                   (no boots)
Stlth   ++........              (no amulet)
HPRegen 0.23/turn               x - ring of willpower
MPRegen 0.11/turn               (no ring)

@: heroic, slowed, very slow
A: horns 2, retaliatory headbutt
a: Renounce Religion, Heroism


You were on level 7 of the Dungeon.
You worshipped Okawaru.
Okawaru was pleased with you.
You visited 2 branches of the dungeon, and saw 8 of its levels.
You also visited: Sewer.

You collected 1012 gold pieces.

Inventory:

Hand Weapons
 a - a +0 double sword of holy wrath (weapon)
 b - a +2 hand axe of flaming
Missiles
 k - 5 throwing nets (quivered)
Armour
 c - a +0 buckler (worn)
 q - a +1 pair of gloves (worn)
 r - a +0 scale mail (worn)
Jewellery
 s - a ring of magical power
 x - a ring of willpower (left hand)
Wands
 v - a wand of iceblast (9)
Scrolls
 f - 2 scrolls of enchant armour
 g - 2 scrolls of blinking
 i - a scroll of teleportation
 l - a scroll of identify
 t - a scroll of noise
 z - a scroll of fog
 D - 2 scrolls of summoning
Potions
 d - a potion of might
 h - a potion of resistance {unknown}
 j - a potion of berserk rage
 m - 2 potions of mutation
 n - a potion of flight {unknown}
 o - 3 potions of invisibility
 p - a potion of cancellation {unknown}
 w - 2 potions of magic {unknown}
 A - 2 potions of heal wounds {unknown}
 B - a potion of brilliance {unknown}
 C - a potion of haste {unknown}


   Skills:
 + Level 7.6(12.6) Fighting
 + Level 10.0(15.0) Long Blades
 + Level 8.1(13.1) Armour
 + Level 2.9(7.9) Dodging
 + Level 2.0(7.0) Stealth
 + Level 5.9(10.9) Shields
 + Level 0.1 Invocations


You had 8 spell levels left.
You didn't know any spells.
Your spell library contained the following spells:

 Spells                   Type           Power      Damage    Failure   Level
 Foxfire                  Conj/Fire      0%         2x1d4     78%         1
 Blink                    Tloc           0%         N/A       89%         2
 Conjure Flame            Conj/Fire      0%         6-21      98%         3
 Gell's Gravitas          Tloc           0%         N/A       98%         3
 Ignite Poison            Fire/Tmut/Pois 0%         N/A       98%         3
 Inner Flame              Hex/Fire       0%         N/A       98%         3
 Lesser Beckoning         Tloc           0%         N/A       98%         3
 Mephitic Cloud           Conj/Pois/Air  0%         N/A       98%         3
 Teleport Other           Tloc           0%         N/A       98%         3
 Flame Wave               Conj/Fire      0%         2d4       100%        4
 Freezing Cloud           Conj/Ice/Air   0%         6-21      100%        5
 Manifold Assault         Tloc           0%         N/A       100%        5
 Orb of Destruction       Conj           0%         9d5       100%        7
 Summon Guardian Golem    Hex/Summ       Unusable   N/A       N/A         3
 Spellforged Servitor     Conj/Summ      Unusable   N/A       N/A         7

Dungeon Overview and Level Annotations

Branches:
Dungeon (7/15)             Temple (1/1) D:5           Sewer (visited)

Altars:
Ashenzari
Cheibriados
Dithmenos
Elyvilon
Gozag
Hepliaklqana
Kikubaaqudgha
Okawaru
Trog
Vehumet
Wu Jian

Shops:
D:2 !   D:4 :   D:7 (


Innate Abilities, Weirdness & Mutations

You have a pair of horns on your head.
You reflexively headbutt those who attack you in melee.


Message History

The hornet closely misses you. You furiously retaliate!
You headbutt the hornet.
You gain the combat prowess of a mighty hero.
You feel yourself speed up.
* * * LOW HITPOINT WARNING * * *
You feel very sick.
The hornet stings you but does no damage.
The hornet barely misses you.
You hit the hornet but do no damage.
You headbutt the hornet, but do no damage.
The hornet is moderately wounded.
* * * LOW HITPOINT WARNING * * *
You feel sick. You block the hornet's attack.
You feel better. You block the hornet's attack. The hornet stings you.
* * * LOW HITPOINT WARNING * * *
You suddenly lose the ability to move!
The hornet stings you.
* * * LOW HITPOINT WARNING * * *
You feel yourself slow down.
You can move again.
You barely miss the hornet.
The hornet is moderately wounded.
The hornet stings you.
* * * LOW HITPOINT WARNING * * *
You feel as though you will be slow longer.
The hornet closely misses you. You furiously retaliate!
You headbutt the hornet! You closely miss the hornet.
Your headbutt misses the hornet.
The hornet is severely wounded.
The hornet stings you but does no damage.
The hornet stings you.
* * * LOW HITPOINT WARNING * * *
You feel as though you will be slow longer.
Unknown command.
You feel better. The hornet closely misses you.
The hornet stings you but does no damage.
You slash the hornet!
The hornet is almost dead.
The hornet stings you!
You die...

#.# #.#.. #.# #.#
#.### #.#
#####.###.# #(#
..........### ...
####.#...... #.#
#.#.##### #.#
.####.#.### #y#
..........###
#@########.......#
#............#.#.#
##############.#..
#....[# #...(.#
#...... #.....#
#.....# #######


You could see a hornet.

Vanquished Creatures
  Harold (D:7)
  A gargoyle (D:7)
  A water moccasin (D:6)
  An ice beast (D:6)
  A necrophage (D:6)
  3 ogres
  3 kobold brigands (Sewer)
  A bullfrog (D:6)
  3 scorpions
  A water moccasin skeleton (D:5)
  4 hounds
  2 centaur skeletons
  5 orc wizards
  3 iguanas
  A hound skeleton (D:5)
  A hound zombie (D:5)
  9 adders
  8 gnolls
  5 river rats (Sewer)
  A shadow imp (D:6)
  3 white imps
  An ufetubus (D:4)
  A worm (D:2)
  3 dart slugs
  17 orcs
  10 ball pythons
  5 endoplasms
  2 giant cockroaches
  6 goblins
  4 hobgoblins
  8 jackals
  8 kobolds
  2 quokkas (D:1)
  6 bats
  3 frilled lizards
  10 rats
  A spectral orc (D:5)
145 creatures vanquished.

Vanquished Creatures (others)
  20 plants (Sewer)
20 creatures vanquished.

Grand Total: 165 creatures vanquished

Notes
Turn   | Place    | Note
-------+----------+-------------------------------------------
     0 | D:1      | Peloso the Minotaur Fighter began the quest for the Orb.
     0 | D:1      | Reached XP level 1. HP: 19/19 MP: 0/0
   418 | D:1      | Reached XP level 2. HP: 27/27 MP: 1/1
   711 | D:2      | Found Daeqeah's Distillery.
   780 | D:2      | Reached XP level 3. HP: 33/33 MP: 2/2
   853 | D:2      | Found a faded altar of an unknown god.
   880 | D:2      | Found a shadowy altar of Dithmenos.
  1409 | D:2      | Reached skill level 3 in Long Blades
  1409 | D:2      | Reached XP level 4. HP: 36/41 MP: 3/3
  2086 | D:3      | Reached skill level 4 in Long Blades
  2086 | D:3      | Reached XP level 5. HP: 47/47 MP: 4/4
  2181 | D:3      | Found a broken altar of Ashenzari.
  2802 | D:3      | Found a bloodstained altar of Trog.
  2916 | D:4      | Found an opulent altar of Gozag.
  2973 | D:4      | Reached skill level 5 in Armour
  3156 | D:4      | Found Xaqiw's Book Emporium.
  3438 | D:5      | Entered Level 5 of the Dungeon
  3458 | D:5      | Reached XP level 6. HP: 55/55 MP: 5/5
  3512 | D:5      | Reached skill level 5 in Fighting
  3531 | D:5      | Reached skill level 5 in Long Blades
  3531 | D:5      | Reached skill level 1 in Dodging
  3608 | D:5      | Found a staircase to the Ecumenical Temple.
  3618 | Temple   | Entered the Ecumenical Temple
  3671 | Temple   | Became a worshipper of Warmaster Okawaru
  3780 | D:5      | Reached XP level 7. HP: 42/61 MP: 6/6
  3876 | D:5      | Reached * piety under Okawaru
  3877 | D:5      | Reached skill level 6 in Long Blades
  3982 | D:5      | Found a snail-covered altar of Cheibriados.
  3991 | D:5      | Found an ancient bone altar of Kikubaaqudgha.
  4036 | D:5      | Found a hazy altar of Hepliaklqana.
  4315 | D:6      | Reached skill level 1 in Stealth
  4320 | D:6      | Reached skill level 5 in Shields
  4382 | D:6      | Reached skill level 7 in Long Blades
  4417 | D:6      | Found a glowing drain.
  4420 | D:6      | Reached XP level 8. HP: 37/70 MP: 7/7
  4426 | Sewer    | Entered a sewer
  5773 | Sewer    | Identified 2 scrolls of acquirement
  5773 | Sewer    | Acquired 783 gold pieces
  5778 | Sewer    | Acquired a +0 double sword of holy wrath
  6106 | D:6      | Reached skill level 8 in Long Blades
  6552 | D:7      | Noticed Harold
  6570 | D:7      | Killed Harold
  6570 | D:7      | Reached ** piety under Okawaru
  6571 | D:7      | Reached skill level 9 in Long Blades
  6571 | D:7      | Reached XP level 9. HP: 48/79 MP: 8/8
  6771 | D:7      | Found a white marble altar of Elyvilon.
  6844 | D:7      | Found Sawiny's Weapon Shoppe.
  7001 | D:7      | Noticed a gargoyle
  7010 | D:7      | Killed a gargoyle
  7011 | D:7      | Reached skill level 10 in Long Blades
  7305 | D:7      | Paralysed by a hornet for 2 turns
  7310 | D:7      | Slain by a hornet

Illustrated notes

Levels and vault maps discovered:
D:1:      minmay_arrival_three_doors, layout_loops_ring, serial_park_tiny_1,
          chequers_serial_rivers_room_a, grunt_decor_fettered, minivault_25
D:2:      layout_loops_ring, shapermc_ecumenical_altar_mp_ritualfount,
          serial_shops, nicolae_shop_trees, serial_co_window_serial,
          co_window_paths_a, co_window_paths_b, co_window_cross_1,
          co_window_of_opportunity_a, co_window_cross_1,
          co_window_unsneaky_path_b, co_window_2corner, co_window_2corner,
          co_window_of_opportunity_c, co_window_unsneaky_path_c,
          glass_columns_a, glass_columns_b, glass_columns_c, glass_columns_a,
          glass_columns_c, basic_altar
D:3:      layout_loops_corners, mainiacjoe_overflow_six_doors_small,
          nicolae_overflow_hidden_temple, serial_glass, glass_columns_a,
          glass_columns_c, glass_columns_a, glass_columns_a, glass_columns_b,
          glass_columns_a
D:4:      minmay_goblin_kobold_castle, layout_basic, yredelemnul_altar_generic,
          mainiacjoe_overflow_concentric_impassable, serial_shops,
          nicolae_lakefront_shop, grunt_ministairs_8, minmay_pentomino_pile,
          uniq_ijyb, uniq_grinder
D:5:      layout_gridville, nicolae_hepliaklqana_monster_ancestors,
          mainiacjoe_overflow_swirl, minmay_temple_entry_tees
D:6:      layout_basic, portal_sewer_entry_b, item_on_display_a
D:7:      layout_loops_ring, elyvilon_altar_5, serial_shops, shop, uniq_harold
Temple:   hc_temple_tempest_star

Skill      XL: |  1  2  3  4  5  6  7  8  9 |
---------------+----------------------------+-----
Fighting       | 4 5 6 7 |  7.6
Armour         | 4 5 6 7 8 |  8.1
Long Blades    | 3 4 5 7 9 10 | 10.0
Shields        | 4 5 |  5.9
Dodging        | 1 2 |  2.9
Stealth        | 1 2 |  2.0
Invocations    | |  0.1

Action                   |  1- 3 |  4- 6 |  7- 9 || total
-------------------------+-------+-------+-------++-------
Melee: Long sword        |    61 |   140 |   155 ||   356
       Headbutt          |     8 |    26 |    39 ||    73
       Double sword      |       |       |    77 ||    77
Invok: Heroism           |       |       |     3 ||     3
  Use: Potion            |     2 |     1 |     4 ||     7
       Scroll            |       |       |    13 ||    13
Armor: Scale mail        |    27 |    65 |    59 ||   151
Dodge: Dodged            |    35 |    75 |    87 ||   197
Block: Buckler           |    10 |    39 |    36 ||    85
